SA
BELLEVUE BRUINS @ WALLA WALLA WALLEYE
06/23/2027
 
TOP OF THE 1ST
Bellevue Bruins batting - Pitching for Walla Walla Walleye : RHP Ricardo Landrón
Pitching: RHP Ricardo Landrón
Batting: SHB Jorge Ayala 0-0: Ball
1-0: Ground out 3-1 (Groundball, 34)
Batting: RHB Ramón Ramírez 0-0: Called Strike
0-1: Ball
1-1: Ball
2-1: Ground out 5-3 (Groundball, 5)
Batting: RHB Alberto Lastaneda 0-0: Called Strike
0-1: Ball
1-1: Foul Ball, location: 2F
1-2: Fly out, F9 (Flyball, 9LS)
Top of the 1st over - 0 run(s), 0 hit(s), 0 error(s), 0 left on base; Bellevue 0 - Walla Walla 0
BOTTOM OF THE 1ST
Walla Walla Walleye batting - Pitching for Bellevue Bruins : RHP Loren Berdine
Pitching: RHP Loren Berdine
Batting: LHB Arnau Zabajeta 0-0: Called Strike
0-1: Ball
1-1: Foul Ball, location: 2F
1-2: Foul Ball, location: 2F
1-2: SINGLE (Flyball, 8RS)
Batting: LHB Gareth Monahan 0-0: Ball
1-0: Swinging Strike
1-1: Foul Ball, location: 2F
1-2: Foul Ball, location: 2F
1-2: Strikes out swinging
Batting: RHB Taylor Landis 0-0: Ball
Arnau Zabajeta steals 2nd base
1-0: Fly out, F7 (Flyball, 7S)
Batting: LHB Rim Hong-Do 0-0: Ball
1-0: Ball
2-0: Ball
3-0: Called Strike
3-1: Fly out, F7 (Flyball, 78M)
Bottom of the 1st over - 0 run(s), 1 hit(s), 0 error(s), 1 left on base; Bellevue 0 - Walla Walla 0
TOP OF THE 2ND
Bellevue Bruins batting - Pitching for Walla Walla Walleye : RHP Ricardo Landrón
Batting: LHB Lorenzo Díaz 0-0: Ball
1-0: Swinging Strike
1-1: Called Strike
1-2: Strikes out swinging
Batting: RHB Miguel Elías 0-0: SINGLE (Groundball, 4MD)
Batting: LHB Phil Minor 0-0: Swinging Strike
0-1: Foul Ball, location: 2F
0-2: Strikes out looking
Batting: LHB David Muller 0-0: Ball
1-0: Fielders Choice at 2nd, 4-6 (Groundball, 4)
Top of the 2nd over - 0 run(s), 1 hit(s), 0 error(s), 0 left on base; Bellevue 0 - Walla Walla 0
BOTTOM OF THE 2ND
Walla Walla Walleye batting - Pitching for Bellevue Bruins : RHP Loren Berdine
Batting: RHB Shuichi Saito 0-0: Foul Ball, location: 2F
0-1: Called Strike
0-2: Ball
1-2: Strikes out swinging
Batting: SHB Chavo Guerrero, Jr. 0-0: Called Strike
0-1: Ball
1-1: Ball
2-1: Ground out 4-3 (Groundball, 4)
Batting: RHB Martin Myers 0-0: Fly out, F5 (Popup, 5S)
Bottom of the 2nd over - 0 run(s), 0 hit(s), 0 error(s), 0 left on base; Bellevue 0 - Walla Walla 0
TOP OF THE 3RD
Bellevue Bruins batting - Pitching for Walla Walla Walleye : RHP Ricardo Landrón
Batting: RHB Carlos Cruz 0-0: Ball
1-0: Ball
2-0: Ball
3-0: Called Strike
3-1: Base on Balls
Batting: LHB Juan Romero 0-0: Ball
1-0: Called Strike
1-1: Ball
2-1: DOUBLE (Flyball, 89D)
Carlos Cruz to third
Batting: SHB Jorge Ayala 0-0: Called Strike
0-1: Ball
1-1: Ball
2-1: Ball
3-1: Called Strike
3-2: Base on Balls
Batting: RHB Ramón Ramírez 0-0: Ball
1-0: Fielders Choice at 2nd, 6-4 (Groundball, 6)
Carlos Cruz scores
Juan Romero to third
Batting: RHB Alberto Lastaneda 0-0: Ball
1-0: DOUBLE (Line Drive, 78M)
Juan Romero scores
Ramón Ramírez to third
Batting: LHB Lorenzo Díaz 0-0: Fly out, F9 (Line Drive, 9)
Runner from 3rd tags up, SCORES, no throw
Batting: RHB Miguel Elías 0-0: Ball
1-0: Ball
2-0: DOUBLE (Line Drive, 9LM)
Alberto Lastaneda scores
Batting: LHB Phil Minor 0-0: Swinging Strike
0-1: Ball
1-1: Foul Ball, location: 2F
Balk!
Miguel Elías to third
1-2: Ground out 4-3 (Groundball, 4)
Top of the 3rd over - 4 run(s), 3 hit(s), 0 error(s), 1 left on base; Bellevue 4 - Walla Walla 0
BOTTOM OF THE 3RD
Walla Walla Walleye batting - Pitching for Bellevue Bruins : RHP Loren Berdine
Batting: RHB Leonardo Medina 0-0: SINGLE (Flyball, 9LS)
Batting: RHB Cody Jaeckel 0-0: Ball
1-0: Ball
2-0: Ground out 5-3 (Groundball, 56S)
Leonardo Medina to second
Batting: LHB Arnau Zabajeta 0-0: Swinging Strike
0-1: Swinging Strike
0-2: Ball
1-2: Ball
2-2: SINGLE (Line Drive, 34)
Leonardo Medina to third
Runner from 3rd tries for Home, SAFE, throw made home
Arnau Zabajeta to second
Batting: LHB Gareth Monahan 0-0: SINGLE (Flyball, 9S)
Arnau Zabajeta to third
Runner from 3rd tries for Home, SAFE, no throw
Batting: RHB Taylor Landis 0-0: Foul Ball, location: 2F
0-1: Foul Ball, location: 2F
0-2: Ball
1-2: Ball
2-2: Ball
3-2: Foul Ball, location: 2F
3-2: Foul Ball, location: 2F
3-2: Fielders Choice at 2nd, 1-6 (Groundball, 13S)
Batting: LHB Rim Hong-Do 0-0: Fielders Choice at 2nd, 4-6 (Groundball, 4)
Bottom of the 3rd over - 2 run(s), 3 hit(s), 0 error(s), 0 left on base; Bellevue 4 - Walla Walla 2
TOP OF THE 4TH
Bellevue Bruins batting - Pitching for Walla Walla Walleye : RHP Ricardo Landrón
Batting: LHB David Muller 0-0: Ball
1-0: Fly out, F3 (Popup, 34)
Batting: RHB Carlos Cruz 0-0: Ball
1-0: Ball
2-0: Ball
3-0: Called Strike
3-1: Foul Ball, location: 2F
3-2: Base on Balls
Batting: LHB Juan Romero 0-0: Called Strike
Carlos Cruz is caught stealing 2nd base
0-1: Ball
1-1: SINGLE (Groundball, 4MS) (infield hit)
Batting: SHB Jorge Ayala 0-0: Ball
Juan Romero steals 2nd base
1-0: Ball
2-0: Ball
3-0: Called Strike
3-1: Foul Ball, location: 2F
3-2: Fly out, F8 (Flyball, 8LS)
Top of the 4th over - 0 run(s), 1 hit(s), 0 error(s), 1 left on base; Bellevue 4 - Walla Walla 2
BOTTOM OF THE 4TH
Walla Walla Walleye batting - Pitching for Bellevue Bruins : RHP Loren Berdine
Batting: RHB Shuichi Saito 0-0: Called Strike
0-1: SINGLE (Groundball, 4D)
Batting: SHB Chavo Guerrero, Jr. 0-0: Ball
1-0: Swinging Strike
1-1: Ball
2-1: Foul Ball, location: 2F
2-2: Strikes out swinging
Batting: RHB Martin Myers 0-0: Ball
1-0: Called Strike
1-1: Foul Ball, location: 2F
1-2: Ball
2-2: Ball
3-2: Strikes out swinging
Batting: RHB Leonardo Medina 0-0: Called Strike
0-1: Ball
1-1: Ball
2-1: Foul Ball, location: 2F
2-2: Fly out, F8 (Line Drive, 8LM)
Bottom of the 4th over - 0 run(s), 1 hit(s), 0 error(s), 1 left on base; Bellevue 4 - Walla Walla 2
TOP OF THE 5TH
Bellevue Bruins batting - Pitching for Walla Walla Walleye : RHP Ricardo Landrón
Batting: RHB Ramón Ramírez 0-0: Ball
1-0: Foul Ball, location: 2F
1-1: Called Strike
1-2: Strikes out swinging
Batting: RHB Alberto Lastaneda 0-0: Swinging Strike
0-1: Ball
1-1: Foul Ball, location: 2F
1-2: Strikes out swinging
Batting: LHB Lorenzo Díaz 0-0: Foul Ball, location: 2F
0-1: Called Strike
0-2: Ball
1-2: Fly out, F8 (Flyball, 8LM)
Top of the 5th over - 0 run(s), 0 hit(s), 0 error(s), 0 left on base; Bellevue 4 - Walla Walla 2
BOTTOM OF THE 5TH
Walla Walla Walleye batting - Pitching for Bellevue Bruins : RHP Loren Berdine
Batting: RHB Cody Jaeckel 0-0: Called Strike
0-1: Called Strike
0-2: Fly out, F8 (Line Drive, 8LS)
Batting: LHB Arnau Zabajeta 0-0: Ball
1-0: Ball
2-0: Ball
3-0: Base on Balls
Batting: LHB Gareth Monahan 0-0: Ball
1-0: Ball
2-0: Swinging Strike
2-1: Called Strike
2-2: Foul Ball, location: 2F
2-2: Strikes out looking
Batting: RHB Taylor Landis 0-0: Ball
1-0: Called Strike
Arnau Zabajeta steals 2nd base
1-1: SINGLE (Flyball, 89S)
Arnau Zabajeta to third
Runner from 3rd tries for Home, SAFE, no throw
Batting: LHB Rim Hong-Do 0-0: Ball
1-0: Fly out, F8 (Flyball, 8RM)
Bottom of the 5th over - 1 run(s), 1 hit(s), 0 error(s), 1 left on base; Bellevue 4 - Walla Walla 3
TOP OF THE 6TH
Bellevue Bruins batting - Pitching for Walla Walla Walleye : RHP Ricardo Landrón
Batting: RHB Miguel Elías 0-0: Called Strike
0-1: Ground out 5-3 (Groundball, 56)
Batting: LHB Phil Minor 0-0: SINGLE (Groundball, 4S) (infield hit)
Batting: LHB David Muller 0-0: Ball
1-0: Ball
2-0: Foul Ball, location: 2F
2-1: Ball
3-1: Base on Balls
Phil Minor to second
Batting: RHB Carlos Cruz 0-0: Foul Ball, location: 2F
0-1: Ball
1-1: Swinging Strike
1-2: Ball
2-2: Ball
3-2: Foul Ball, location: 2F
3-2: Foul Ball, location: 2F
3-2: Base on Balls
Phil Minor to third
David Muller to second
Batting: LHB Juan Romero 0-0: Ball
1-0: Called Strike
1-1: Called Strike
1-2: Strikes out swinging
Batting: SHB Jorge Ayala 0-0: SINGLE (Groundball, 34D)
Phil Minor scores
David Muller to third
Carlos Cruz to second
Runner from 3rd tries for Home, SAFE, no throw
Batting: RHB Ramón Ramírez 0-0: Ball
1-0: Fly out, F8 (Flyball, 8LD)
Top of the 6th over - 2 run(s), 2 hit(s), 0 error(s), 2 left on base; Bellevue 6 - Walla Walla 3
BOTTOM OF THE 6TH
Walla Walla Walleye batting - Pitching for Bellevue Bruins : RHP Loren Berdine
Batting: RHB Shuichi Saito 0-0: Ball
1-0: Ground out 5-3 (Groundball, 5S)
Batting: SHB Chavo Guerrero, Jr. 0-0: Ball
1-0: Swinging Strike
1-1: Foul Ball, location: 2F
1-2: Ball
2-2: Strikes out swinging
Batting: RHB Martin Myers 0-0: Ground out 6-3 (Groundball, 56)
Bottom of the 6th over - 0 run(s), 0 hit(s), 0 error(s), 0 left on base; Bellevue 6 - Walla Walla 3
TOP OF THE 7TH
Bellevue Bruins batting - Pitching for Walla Walla Walleye : RHP Ricardo Landrón
Batting: RHB Alberto Lastaneda 0-0: Ball
1-0: Ball
2-0: Called Strike
2-1: Fly out, F8 (Flyball, 89M)
Pitching: RHP Fernando Barraza
Batting: LHB Lorenzo Díaz 0-0: Ball
1-0: Swinging Strike
1-1: Ball
2-1: Ball
3-1: Base on Balls
Batting: RHB Miguel Elías 0-0: Ball
1-0: Swinging Strike
1-1: Swinging Strike
1-2: Ball
2-2: Fly out, F9 (Flyball, 9LM)
Batting: LHB Phil Minor 0-0: DOUBLE (Line Drive, 78D)
Lorenzo Díaz to third
Runner from 3rd tries for Home, throw and OUT!
Top of the 7th over - 0 run(s), 1 hit(s), 0 error(s), 1 left on base; Bellevue 6 - Walla Walla 3
BOTTOM OF THE 7TH
Walla Walla Walleye batting - Pitching for Bellevue Bruins : RHP Loren Berdine
Batting: RHB Leonardo Medina 0-0: Called Strike
0-1: Ball
1-1: Called Strike
1-2: Ground out 6-3 (Groundball, 6)
Batting: RHB Cody Jaeckel 0-0: Ball
1-0: Fly out, F8 (Line Drive, 8LM)
Batting: LHB Arnau Zabajeta 0-0: Fly out, F8 (Flyball, 89M)
Bottom of the 7th over - 0 run(s), 0 hit(s), 0 error(s), 0 left on base; Bellevue 6 - Walla Walla 3
TOP OF THE 8TH
Bellevue Bruins batting - Pitching for Walla Walla Walleye : RHP Fernando Barraza
Batting: LHB David Muller 0-0: Ball
1-0: Called Strike
1-1: Ball
2-1: Ball
3-1: Swinging Strike
3-2: Foul Ball, location: 2F
3-2: Foul Ball, location: 2F
3-2: Foul Ball, location: 2F
3-2: Base on Balls
Batting: RHB Carlos Cruz 0-0: Called Strike
0-1: Ball
1-1: Sac Bunt - play at first, batter OUT! 1-4
David Muller to second
Batting: LHB Juan Romero 0-0: Intentional Walk
Batting: SHB Jorge Ayala 0-0: Foul Ball, location: 2F
0-1: Foul Ball, location: 2F
0-2: Foul Ball, location: 2F
0-2: Ball
1-2: Strikes out swinging
Batting: RHB Ramón Ramírez 0-0: Ball
1-0: DOUBLE (Line Drive, 7)
David Muller scores
Juan Romero to third
Batting: RHB Alberto Lastaneda 0-0: Fly out, F4 (Popup, 4MD)
Top of the 8th over - 1 run(s), 1 hit(s), 0 error(s), 2 left on base; Bellevue 7 - Walla Walla 3
BOTTOM OF THE 8TH
Walla Walla Walleye batting - Pitching for Bellevue Bruins : RHP Loren Berdine
Batting: LHB Gareth Monahan 0-0: Ball
1-0: DOUBLE (Flyball, 89XD)
Batting: RHB Taylor Landis 0-0: Ball
1-0: Foul Ball, location: 2F
1-1: Ball
2-1: Ground out 4-3 (Groundball, 4)
Gareth Monahan to third
Batting: LHB Rim Hong-Do 0-0: Swinging Strike
0-1: Swinging Strike
0-2: Strikes out swinging
Batting: RHB Shuichi Saito 0-0: Called Strike
0-1: Ball
1-1: Reached on error, E6 (Groundball, 6)
Gareth Monahan scores
Pitching: RHP Alfonso Santa Maria
Batting: SHB Chavo Guerrero, Jr. 0-0: Ball
1-0: Called Strike
1-1: Foul Ball, location: 2F
1-2: Strikes out looking
Bottom of the 8th over - 1 run(s), 1 hit(s), 1 error(s), 1 left on base; Bellevue 7 - Walla Walla 4
TOP OF THE 9TH
Bellevue Bruins batting - Pitching for Walla Walla Walleye : RHP Fernando Barraza
Batting: LHB Lorenzo Díaz 0-0: Ball
1-0: Ball
2-0: Called Strike
2-1: Foul Ball, location: 2F
2-2: Ball
3-2: Ground out 5-3 (Groundball, 56)
Pitching: LHP Homer Robertson
Batting: RHB Miguel Elías 0-0: Called Strike
0-1: Ball
1-1: Foul Ball, location: 2F
1-2: Ball
2-2: Strikes out swinging
Batting: LHB Phil Minor 0-0: Foul Ball, location: 2F
0-1: Foul Ball, location: 2F
0-2: SINGLE (Groundball, 4MD)
Batting: LHB David Muller 0-0: Ball
1-0: Fly out, F8 (Flyball, 8LD)
Top of the 9th over - 0 run(s), 1 hit(s), 0 error(s), 1 left on base; Bellevue 7 - Walla Walla 4
BOTTOM OF THE 9TH
Walla Walla Walleye batting - Pitching for Bellevue Bruins : RHP Alfonso Santa Maria
Pitching: RHP Jin Kwon
Batting: RHB Martin Myers 0-0: Foul Ball, location: 2F
0-1: Called Strike
0-2: Ball
1-2: SINGLE (Line Drive, 5D)
Batting: RHB Leonardo Medina 0-0: Foul Ball, location: 2F
0-1: Ball
1-1: Swinging Strike
1-2: Strikes out swinging
Batting: RHB Cody Jaeckel 0-0: Called Strike
0-1: Ball
1-1: Ball
2-1: Fly out, F7 (Flyball, 78M)
Batting: LHB Arnau Zabajeta 0-0: Called Strike
0-1: Ball
1-1: Ball
2-1: Fielders Choice at 2nd, 4-6 (Groundball, 4)
Bottom of the 9th over - 0 run(s), 1 hit(s), 0 error(s), 0 left on base; Bellevue 7 - Walla Walla 4
Saturday, May 26th, 2018 - OOTP Baseball 17.12 Build 75